 Dungeon Crawl Stone Soup version 0.27-a0-1232-gc6a4cbde82 (webtiles) character file.

Game seed: 17453429554226799414

48127 deletemesenpai the Severer (level 14, -3/135 HPs)
             Began as a Hill Orc Fighter on June 8, 2021.
             Was a High Priest of Beogh.
             Killed from afar by a fire giant (58 damage)
             ... with a fireball
             ... on level 1 of the Depths.
             The game lasted 01:35:54 (19667 turns).

deletemesenpai the Severer (Hill Orc Fighter)      Turns: 19667, Time: 01:35:55

Health: -3/135     AC: 24    Str: 26    XL:     14   Next: 45%
Magic:  15/15      EV:  7    Int: 14    God:    Beogh [*****.]
Gold:   508        SH: 19    Dex: 16    Spells: 13/13 levels left

rFire    x . .     SeeInvis +   A - +8 hand axe of the Disturbing Beasts {vorpal, rF- rN+ Str+3 Int+5}
rCold    . . .     Faith    .   U - +0 kite shield {reflect}
rNeg     + . .     Spirit   .   e - +0 plate armour
rPois    .         Reflect  +   m - +1 helmet
rElec    .         Harm     .   M - +1 cloak
rCorr    .         Rampage  .   g - +0 pair of gloves
Will     +....                  N - +0 pair of boots
Stlth    ..........             T - amulet of reflection
HPRegen  0.32/turn              k - +6 ring of dexterity
MPRegen  0.14/turn              I - ring of see invisible

@: hasted, very quick
A: walk on water
a: Renounce Religion, Smiting, Recall Orcish Followers, Give Item to Named
Follower


You were on level 1 of the Depths.
You worshipped Beogh.
Beogh was extremely pleased with you.
You visited 2 branches of the dungeon, and saw 16 of its levels.

You collected 802 gold pieces.
You spent 294 gold pieces at shops.

Inventory:

Hand Weapons
 c - a +1 battleaxe
 d - a +0 trident of protection
 j - the +2 falchion of the Unseen Realm {drain, *Slow Fragile Will+ Int+9}
   (You found it on level 13 of the Dungeon)

   A truly terrible weapon, it drains the life of those it strikes.
   It affects your intelligence (+9).
   It may slow you when you take damage.
   It will be destroyed if unequipped.
   It increases your willpower.
 A - the +8 hand axe of the Disturbing Beasts (weapon) {vorpal, rF- rN+ Str+3 Int+5}
   (You found it on level 6 of the Dungeon)

   It inflicts extra damage upon your enemies.
   It affects your strength (+3).
   It affects your intelligence (+5).
   It makes you vulnerable to fire.
   It protects you from negative energy.
 Q - a +3 war axe
 Z - a +1 scimitar of flaming
Missiles
 i - 66 poisoned darts (quivered)
Armour
 e - a +0 plate armour (worn)
 g - a +0 pair of gloves (worn)
 l - a +0 tower shield
 m - a +1 helmet (worn)
 M - a +1 cloak (worn)
 N - a +0 pair of boots (worn)
 U - a +0 kite shield of reflection (worn)
Magical Staves
 L - a staff of conjuration
Jewellery
 k - a +6 ring of dexterity (left hand)
 r - a ring of fire
 I - a ring of see invisible (right hand)
 T - an amulet of reflection (around neck)
Wands
 s - a wand of flame (42)
 t - a wand of iceblast (15)
 w - a wand of digging (9)
 z - a wand of paralysis (23)
 B - a wand of acid (20)
 K - a wand of charming (9)
 O - a wand of mindburst (17)
Scrolls
 b - 3 scrolls of vulnerability
 h - 3 scrolls of enchant weapon
 o - 9 scrolls of teleportation
 v - 2 scrolls of amnesia
 x - 2 scrolls of torment
 y - 5 scrolls of blinking
 C - 4 scrolls of acquirement
 E - 2 scrolls of noise {unknown}
 G - 4 scrolls of silence {unknown}
 J - 2 scrolls of immolation {unknown}
 W - a scroll of fear {unknown}
 X - 2 scrolls of enchant armour
Potions
 a - a potion of cancellation
 f - 6 potions of haste
 n - 4 potions of flight
 p - 4 potions of curing
 q - a potion of invisibility
 u - 2 potions of mutation
 D - 3 potions of might
 F - a potion of resistance
 S - a potion of ambrosia
 V - a potion of attraction
 Y - a potion of lignification


   Skills:
 * Level 15.4 Fighting
 + Level 16.2 Axes
 + Level 13.0 Armour
 * Level 13.0 Shields
 + Level 1.3 Invocations


You had 13 spell levels left.
You didn't know any spells.
Your spell library contained the following spells:

 Spells                   Type           Power      Damage    Failure   Level
 Corona                   Hex            0%         N/A       96%         1
 Freeze                   Ice            0%         1d3       96%         1
 Magic Dart               Conj           0%         1d3       96%         1
 Blink                    Tloc           N/A        N/A       99%         2
 Call Imp                 Summ           0%         N/A       99%         2
 Ensorcelled Hibernation  Hex/Ice        0%         N/A       99%         2
 Slow                     Hex            0%         N/A       99%         2
 Confusing Touch          Hex            0%         N/A       100%        3
 Conjure Flame            Conj/Fire      0%         6-21      100%        3
 Dazzling Flash           Conj/Hex       0%         N/A       100%        3
 Frozen Ramparts          Ice            0%         1d2       100%        3
 Mephitic Cloud           Conj/Pois/Air  0%         N/A       100%        3
 Ozocubu's Armour         Ice            0%         N/A       100%        3
 Tukima's Dance           Hex            0%         N/A       100%        3
 Hailstorm                Conj/Ice       0%         3d3       100%        4
 Metabolic Englaciation   Hex/Ice        0%         N/A       100%        5


Dungeon Overview and Level Annotations

Branches:
Dungeon (15/15)            Temple (0/1) D:4            Lair (0/6) D:8
    Orc (0/2) D:9          Vaults (0/5) D:13         Depths (1/5) D:15

Altars:
Ashenzari
Elyvilon
Gozag
Kikubaaqudgha
Okawaru
Ru
Sif Muna
Trog
Xom

Shops:
D:5 [   D:12 ?

Annotations:
D:15 Roxanne


Message History

You start resting.
A tengu conjurer comes into view.
Found a stone staircase leading down.
You start resting.
You feel a little less mighty now.
You start resting.
An ice dragon comes into view.
You open the door.
The ice dragon roars deafeningly!
You hear an angry squeal.
You hear a shout!
There is an open door here.
There is an open door here.
You close the door.
You block the ettin's attack. x2
You slash the ettin!
The ettin is lightly wounded.
You hit the ettin.
The ettin is lightly wounded.
You block the ettin's attack. The ettin closely misses you.
You hit the ettin but do no damage.
The ettin is lightly wounded.
You hit the ettin.
The ettin is moderately wounded.
You block the ettin's attack. x2
Your plate armour prevents you from hitting the ettin.
The ettin is moderately wounded.
The ettin hits you with a +0 dire flail!
The ettin hits you with a +0 dire flail.
You open the door.
The ettin hits you with a +0 dire flail.
The ettin hits you with a +0 dire flail!
There is an open door here.
You feel yourself speed up. The ice dragon breathes frost at you.
The blast of cold hits you!
You hear a shout!
There is an open door here.
A fire giant comes into view.
It is wielding a +0 great sword of flaming.
The fire giant shouts!
The fire giant gestures at you while chanting.
The fireball explodes!
The fireball engulfs you!!! The fire burns you terribly!
You die...

# #...# ###...#+### ###'#
..#.....+..###...#
..'.....#........#
..##..###......... ##.'.##.#.
^.....###### .'.#.#..#..
....'....##
.#'#....##'####..#.....# .
...)............@......#..
.#.[..............#.......
..##....C.......##........≈ ..
.#..^.......#.#...###..§...§§§
.
.#.##......##.#...##.#.....$..§
.. # #.TC.#.##.......'........§
.. #..#.#.#.......#. #....§ ..
..##.#........### ##.... . ..
#...........###.....


You could see a fire giant and an iron troll.

Vanquished Creatures
  Kirke (D:13)
  3 vault guards (D:13)
  A hydra (D:12)
  Harold (D:7)
  6 two-headed ogres
  3 centaur warriors
  2 skeletal warriors (D:15)
  A deep troll (Depths:1)
  A wolf spider (D:15)
  3 ugly things (D:15)
  Maurice (D:11)
  A cyclops (D:14)
  7 centaur zombies
  Joseph (D:8)
  A gargoyle (D:12)
  2 unseen horrors
  A yaktaur (D:13)
  A yaktaur (shapeshifter) (D:15)
  A kobold demonologist (D:11)
  2 komodo dragons
  3 tengu conjurers
  A troll (D:7)
  A jumping spider (shapeshifter) (D:15)
  A polar bear (D:11)
  Grinder (D:6)
  6 slime creatures (D:15)
  A basilisk (D:12)
  18 yaks
  4 wraiths
  A wyvern (D:10)
  3 hogs (D:13)
  A water elemental (D:11)
  2 vampire mosquitoes (D:12)
  Menkaure (D:4)
  2 wargs (D:12)
  4 orc warriors
  3 ice beasts
  A black bear (D:5)
  2 necrophages (D:9)
  15 centaurs
  A wolf (D:11)
  3 ogres
  2 phantoms
  3 bullfrogs
  2 kobold brigands
  4 scorpions
  A water moccasin zombie (D:5)
  5 killer bees
  7 wights
  5 howler monkeys
  6 hounds
  3 bullfrog skeletons
  A gnoll shaman (D:7)
  A centaur skeleton (D:6)
  A jelly (D:6)
  5 orc priests
  5 iguanas
  Ijyb (D:4)
  13 orc wizards
  A scorpion zombie (D:5)
  2 killer bee zombies
  A mummy (D:9)
  2 howler monkey zombies
  Robin (D:2)
  6 gnolls
  A howler monkey skeleton (D:6)
  7 adders
  3 river rats (D:3)
  A shadow imp (D:6)
  4 ufetubi
  2 dart slugs
  2 worms (D:2)
  25 orcs
  14 ball pythons
  8 endoplasms
  12 goblins
  2 hobgoblins (D:2)
  7 jackals
  15 kobolds
  A quokka (D:3)
  7 bats
  A frilled lizard (D:1)
  6 rats
311 creatures vanquished.

Vanquished Creatures (collateral kills)
  Rupert (D:15)
  Frances (D:14)
  A fire giant (Depths:1)
  Louise (D:15)
  A great orb of eyes (D:15)
  Josephine (D:11)
  A fire dragon (D:15)
  A hydra (D:12)
  A rakshasa (D:15)
  2 vault guards (D:13)
  An ice dragon (D:11)
  3 centaur warriors
  A catoblepas (D:15)
  A deep troll shaman (Depths:1)
  4 tengu warriors
  A skeletal warrior (D:15)
  A deep troll (Depths:1)
  A wizard (D:14)
  A manticore (D:12)
  An orc sorcerer (D:13)
  A deep elf pyromancer (D:15)
  A cyclops (D:11)
  2 ugly things
  2 gargoyles
  A kobold demonologist (D:14)
  A komodo dragon (D:10)
  An efreet (D:13)
  2 tengu conjurers (D:13)
  2 trolls (D:11)
  5 polar bears (D:11)
  4 slime creatures (D:15)
  A centaur simulacrum (D:11)
  A shadow (D:10)
  4 wraiths (D:11)
  A vampire (D:12)
  A wyvern (D:11)
  10 yaks
  2 hogs (D:13)
  4 vampire mosquitoes
  2 wargs (D:12)
  An ice beast (D:11)
  2 orc warriors
  5 wolves (D:11)
  4 centaurs
  A kobold brigand (D:11)
  2 killer bees (D:10)
  A wight (D:9)
  2 electric eels
  An orc priest (D:12)
  2 orc wizards
  A howler monkey zombie (D:9)
  A white imp (D:11)
  2 orcs
  A kobold (D:11)
100 creatures vanquished.

Vanquished Creatures (others)
  An orc warlord (Depths:1)
  3 orc sorcerers
  4 orc warriors
  A gnoll sergeant (D:8)
  2 orc priests
  A gnoll shaman (D:8)
  4 orc wizards
  A gnoll (D:8)
  A white imp (D:11)
  6 orcs
  4 plants (D:8)
28 creatures vanquished.

Grand Total: 439 creatures vanquished

Notes
Turn   | Place    | Note
-------+----------+-------------------------------------------
     0 | D:1      | deletemesenpai the Hill Orc Fighter began the quest for the
                  | Orb.
     0 | D:1      | Reached XP level 1. HP: 19/19 MP: 1/1
   118 | D:1      | Found a faded altar of an unknown god.
   288 | D:1      | Reached XP level 2. HP: 24/27 MP: 2/2
   290 | D:1      | Reached skill level 3 in Axes
   790 | D:2      | Reached XP level 3. HP: 30/33 MP: 3/3
   813 | D:2      | Reached skill level 4 in Axes
   856 | D:2      | Reached XP level 4. HP: 34/40 MP: 4/4
  1540 | D:2      | Noticed Robin
  1557 | D:2      | Killed Robin
  1704 | D:3      | Reached XP level 5. HP: 37/47 MP: 5/5
  1712 | D:3      | Noticed an ice beast
  1719 | D:3      | Reached skill level 5 in Axes
  1738 | D:3      | Killed an ice beast
  1739 | D:3      | Reached XP level 6. HP: 17/53 MP: 6/6
  2000 | D:3      | Found a glowing drain.
  2067 | D:3      | Found an opulent altar of Gozag.
  2104 | D:3      | Became a worshipper of Beogh the Brigand
  2116 | D:3      | Reached skill level 6 in Axes
  2350 | D:3      | Reached skill level 5 in Fighting
  2717 | D:4      | Found a staircase to the Ecumenical Temple.
  2774 | D:4      | Noticed Ijyb
  2793 | D:4      | Killed Ijyb
  2800 | D:4      | Reached XP level 7. HP: 52/61 MP: 7/7
  3063 | D:4      | Reached skill level 5 in Shields
  3084 | D:4      | Noticed Menkaure
  3090 | D:4      | Killed Menkaure
  3091 | D:4      | Reached skill level 7 in Axes
  3091 | D:4      | Reached skill level 5 in Armour
  3091 | D:4      | Reached * piety under Beogh
  3380 | D:5      | Entered Level 5 of the Dungeon
  3789 | D:5      | Reached XP level 8. HP: 70/70 MP: 8/8
  3838 | D:5      | Reached skill level 8 in Axes
  3944 | D:5      | Reached skill level 9 in Axes
  4258 | D:5      | Found Birix's Antique Armour Shoppe.
  4336 | D:5      | Reached XP level 9. HP: 76/79 MP: 9/9
  4623 | D:6      | Found a bloodstained altar of Trog.
  4627 | D:6      | Reached skill level 10 in Axes
  4776 | D:6      | Noticed Grinder
  4776 | D:6      | Paralysed by Grinder for 5 turns
  4795 | D:6      | Paralysed by Grinder for 5 turns
  4811 | D:6      | Killed Grinder
  4984 | D:6      | Reached ** piety under Beogh
  5004 | D:6      | Identified the +8 hand axe of the Disturbing Beasts
                  | {vorpal, rF- rN+ Str+3 Int+5}
  5258 | D:6      | Identified the +5 long sword "Kunerhai" {elec, rN++ Int-5}
  5908 | D:7      | Reached skill level 11 in Axes
  5908 | D:7      | Found a white marble altar of Elyvilon.
  5984 | D:7      | Noticed Harold
  5998 | D:7      | Noticed a troll
  6010 | D:7      | Killed Harold
  6011 | D:7      | Reached skill level 12 in Axes
  6011 | D:7      | Reached XP level 10. HP: 11/91 MP: 0/10
  6671 | D:7      | Found an ancient bone altar of Kikubaaqudgha.
  7132 | D:8      | Found a shimmering altar of Xom.
  7304 | D:8      | Noticed a two-headed ogre
  7321 | D:8      | Killed a two-headed ogre
  7699 | D:8      | Found a staircase to the Lair.
  8051 | D:8      | Reached *** piety under Beogh
  8052 | D:8      | Reached skill level 13 in Axes
  8190 | D:8      | Noticed Joseph
  8208 | D:8      | Killed Joseph
  8220 | D:8      | Found a shimmering blue altar of Sif Muna.
  8306 | D:8      | Reached skill level 10 in Fighting
  8391 | D:8      | Found a shimmering altar of Xom.
  8727 | D:9      | Noticed a two-headed ogre
  8730 | D:9      | Found an iron altar of Okawaru.
  9068 | D:9      | Killed a two-headed ogre
  9069 | D:9      | Reached XP level 11. HP: 49/100 MP: 6/11
  9307 | D:9      | Found a broken altar of Ashenzari.
  9347 | D:9      | Reached skill level 14 in Axes
  9664 | D:9      | Found a staircase to the Orcish Mines.
  9695 | D:9      | Gained Murdo as an ally
  9998 | D:10     | Entered Level 10 of the Dungeon
 10003 | D:10     | Found a sacrificial altar of Ru.
 10014 | D:10     | Reached **** piety under Beogh
 10928 | D:11     | Noticed Maurice
 10930 | D:11     | Paralysed by Maurice for 5 turns
 10937 | D:11     | Killed Maurice
 10937 | D:11     | Noticed a two-headed ogre
 10959 | D:11     | Killed a two-headed ogre
 11051 | D:11     | Reached XP level 12. HP: 91/112 MP: 10/12
 11180 | D:11     | Reached skill level 10 in Armour
 11639 | D:11     | Noticed Josephine
 11653 | D:11     | Killed Josephine
 11655 | D:11     | Reached ***** piety under Beogh
 11755 | D:11     | Noticed an ice dragon
 11774 | D:11     | Killed an ice dragon
 11776 | D:11     | Gained Berold as an ally
 11781 | D:11     | Reached skill level 10 in Shields
 12798 | D:12     | Noticed a four-headed hydra
 12803 | D:12     | Killed a five-headed hydra
 13110 | D:12     | Noticed a two-headed ogre
 13121 | D:12     | Killed a two-headed ogre
 13234 | D:12     | Noticed a centaur warrior
 13235 | D:12     | Found Aluin's Magic Scroll Emporium.
 13244 | D:12     | Killed a centaur warrior
 13265 | D:12     | Noticed a four-headed hydra
 13267 | D:12     | Killed a four-headed hydra
 13312 | D:12     | Bought a scroll of identify for 28 gold pieces
 13312 | D:12     | Bought a scroll of identify for 28 gold pieces
 13312 | D:12     | Bought a scroll of enchant armour for 105 gold pieces
 13312 | D:12     | Bought a scroll of identify for 28 gold pieces
 13312 | D:12     | Bought a scroll of enchant armour for 105 gold pieces
 13930 | D:13     | Noticed a vault guard
 14226 | D:13     | Identified the +2 falchion of the Unseen Realm {drain,
                  | *Slow Fragile Will+ Int+9}
 14374 | D:13     | Reached XP level 13. HP: 123/123 MP: 13/13
 14391 | D:13     | Noticed Kirke
 14401 | D:13     | Killed Kirke
 14402 | D:13     | Reached skill level 15 in Axes
 14601 | D:13     | Noticed a vault guard
 14609 | D:13     | Noticed a vault guard
 14617 | D:13     | Killed a vault guard
 14625 | D:13     | Killed a vault guard
 14722 | D:13     | Killed a vault guard
 14880 | D:13     | Found a gate to the Vaults.
 14880 | D:13     | Noticed a vault guard
 14880 | D:13     | Noticed a vault guard
 14891 | D:13     | Killed a vault guard
 14899 | D:13     | Killed a vault guard
 15335 | D:13     | Identified 3 scrolls of acquirement
 15751 | D:14     | Noticed Frances
 15761 | D:14     | Killed Frances
 16729 | D:15     | Entered Level 15 of the Dungeon
 16745 | D:15     | Noticed a fire dragon
 16750 | D:15     | Noticed Rupert
 16755 | D:15     | Killed a fire dragon
 16763 | D:15     | Killed Rupert
 16764 | D:15     | Reached skill level 16 in Axes
 17023 | D:15     | Noticed Louise
 17056 | D:15     | Reached XP level 14. HP: 17/133 MP: 14/14
 17057 | D:15     | Your ally Berold died
 17062 | D:15     | Killed Louise
 17563 | D:15     | Identified Roxanne's Guide on Moulding
 17563 | D:15     | Noticed Roxanne
 18436 | D:15     | Reached skill level 1 in Invocations
 18445 | D:15     | Paralysed by a great orb of eyes for 6 turns
 18457 | D:15     | Found a staircase to the Depths.
 18469 | D:15     | Reached skill level 15 in Fighting
 18473 | D:15     | Noticed a ghost moth
 19279 | Depths:1 | Entered Level 1 of the Depths
 19301 | Depths:1 | Noticed a fire giant
 19311 | Depths:1 | Killed a fire giant
 19320 | Depths:1 | Your ally Murdo died
 19350 | Depths:1 | HP: 4/135 [ettin/+0 dire flail (15)]
 19661 | Depths:1 | Noticed a fire giant
 19667 | Depths:1 | Killed from afar by a fire giant

Illustrated notes

Levels and vault maps discovered:
D:1:      lemuel_arrival_broad_hall, layout_rooms, basic_ecumenical_altar,
          chequers_serial_rivers_room_a, minmay_misc_feat_tower
D:2:      layout_basic, moated_statue, minmay_pentomino_z2, uniq_robin
D:3:      layout_rooms, grunt_gozag_statues, portal_sewer_entry_a,
          skrybe_limestone_x, chequers_serial_rivers_small_3,
          cheibrodos_gnoll_hut
D:4:      layout_basic, minmay_temple_entry_from_below_a, uniq_ijyb,
          uniq_menkaure
D:5:      layout_loops_ring, grunt_ministairs_6, kennysheep_diamond
D:6:      layout_basic, lemuel_coloured_pillars_altar,
          minmay_fractal_squares_gapless_5, uniq_grinder
D:7:      layout_loops_cross, amcnicky_altar_gilded, elyvilon_altar_3,
          kennysheep_generic_room_8, uniq_harold
D:8:      minmay_spotlight, layout_basic, lemuel_doored_altar,
          xom_confusion_cloud, david_lair_shrubbed, kennysheep_flooded_box,
          uniq_joseph
D:9:      layout_gridville, cheibrodos_ashenzari_chains, old_standard_altar,
          david_orc_3, serial_undead, serial_undead_d, serial_undead_a,
          serial_undead_a, serial_undead_e
D:10:     layout_gridville, nicolae_ru_awakened_eye
D:11:     layout_grid_maze, serial_ice, serial_ice_b, serial_ice_f,
          serial_ice_m, serial_ice_n, serial_ice_c, serial_ice_k, serial_ice_g,
          portal_ice_cave_entry_animals_and_master, uniq_maurice, uniq_josephine
D:12:     layout_loops_ring, serial_shops, nicolae_shop_statue_plus,
          nooodl_orcs_dogs
D:13:     layout_irregular_city, grunt_vaults_entry_fortified,
          hangedman_decor_points, uniq_kirke
D:14:     layout_roguey, serial_curves, eino_curves_03, eino_curves_04,
          eino_curves_02, eino_curves_02, uniq_frances
D:15:     gammafunk_enter_depths_forms, layout_basic, minmay_fountain_box,
          uniq_roxanne, uniq_louise, uniq_rupert
Depths:1: layout_honeycomb, enter_ziggurat_b, gammafunk_ghost_grave,
          hellmouth_3, minmay_misc_feat_secret_circle,
          nicolae_qazlal_general_emergency, serial_bayou_shore_b

Skill      XL: |  1  2  3  4  5  6  7  8  9 10 11 12 13 14 |
---------------+-------------------------------------------+-----
Axes           | 3 4 5 6 7 9 12 13 14 16 | 16.2
Fighting       | 4 5 7 9 10 12 13 14 15 | 15.4
Shields        | 4 5 6 7 8 9 11 12 13 | 13.0
Armour         | 4 5 6 7 8 9 11 12 13 | 13.0
Invocations    | 1 |  1.3

Action                   |  1- 3 |  4- 6 |  7- 9 | 10-12 | 13-15 || total
-------------------------+-------+-------+-------+-------+-------++-------
Melee: War axe           |    76 |   173 |    97 |       |       ||   346
       Hand axe          |       |       |   207 |   490 |   301 ||   998
Throw: Dart              |       |       |    10 |     2 |       ||    12
Invok: Convert to Beogh  |       |     1 |       |       |       ||     1
       Give Item to Name |       |       |       |     2 |       ||     2
       Recall Orcish Fol |       |       |       |       |     7 ||     7
  Use: Potion            |       |     1 |     4 |     2 |     4 ||    11
       Scroll            |       |       |     9 |     4 |    10 ||    23
 Stab: Distracted        |       |       |       |     4 |     9 ||    13
       Petrified         |       |       |       |       |     5 ||     5
       Petrifying        |       |       |       |       |     1 ||     1
Armor: Plate armour      |    74 |   120 |   180 |   219 |   132 ||   725
       Scale mail        |     8 |       |       |       |       ||     8
Dodge: Dodged            |    15 |    29 |    48 |    89 |    53 ||   234
Block: Kite shield       |    39 |   114 |   144 |   285 |   219 ||   801
       Reflection        |       |       |       |       |    16 ||    16

Table legend: (Time is in decaauts)
 A = Elapsed time spent in this place.
 B = Non-inter-level travel time spent in this place.
 C = Inter-level travel time spent in this place.
 D = Time resting spent in this place.
 E = Time spent auto-exploring this place.
 F = Levels seen in this place.
 G = Mean time per level.
                   A        B        C        D        E       F      G
               +--------+--------+--------+--------+--------+-----+--------+
         Total |  19592 |  19327 |    265 |   4491 |   8583 |  16 | 1224.5 |
       Dungeon |  19223 |  18958 |    265 |   4222 |   8583 |  15 | 1281.5 |
        Depths |    369 |    369 |      0 |    269 |      0 |   1 |  369.0 |
               +--------+--------+--------+--------+--------+-----+--------+

Top non-repeatable levels by time:
    D:15: 2193 daAuts
    D:11: 1954 daAuts
    D:13: 1798 daAuts
     D:8: 1753 daAuts
    D:12: 1234 daAuts
     D:7: 1211 daAuts
     D:9: 1195 daAuts
     D:6: 1153 daAuts
     D:3: 1108 daAuts
     D:2: 1099 daAuts
    D:14: 1071 daAuts
     D:5: 1058 daAuts
     D:4: 903 daAuts
    D:10: 871 daAuts
     D:1: 615 daAuts
